3AAA
AUGUSTA TIMBER HAWKS @ PENNSAUKEN FLYERS
08/19/2030
 
TOP OF THE 1ST
Augusta Timber Hawks batting - Pitching for Pennsauken Flyers : LHP Mike Foltynewicz
Pitching: LHP Mike Foltynewicz
Batting: RHB Emmanuele Lucchetti 0-0: Ball
1-0: Foul Ball, location: 2F
1-1: Ball
2-1: Called Strike
2-2: Strikes out swinging
Batting: RHB David Martínez 0-0: Ball
1-0: Foul Ball, location: 2F
1-1: Ball
2-1: Foul Ball, location: 2F
2-2: Strikes out swinging
Batting: RHB Dave Yates 0-0: Ball
1-0: Ground out 1-3 (Groundball, P)
Top of the 1st over - 0 runs, 0 hits, 0 errors, 0 left on base; Augusta 0 - Pennsauken 0
BOTTOM OF THE 1ST
Pennsauken Flyers batting - Pitching for Augusta Timber Hawks : RHP Won-u Yi
Pitching: RHP Won-u Yi
Batting: RHB Patrick Eggen 0-0: Ground out 1-3 (Groundball, 13S)
Batting: RHB Bartolo Rosas 0-0: Ball
1-0: Ball
2-0: Ball
3-0: Called Strike
3-1: Base on Balls
Batting: LHB Vinski Prifti 0-0: Called Strike
0-1: Fielders Choice at 2nd, 1-6 (Groundball, 13)
Batting: RHB Enrique Ibarra 0-0: Called Strike
0-1: Called Strike
0-2: Strikes out looking
Bottom of the 1st over - 0 runs, 0 hits, 0 errors, 1 left on base; Augusta 0 - Pennsauken 0
TOP OF THE 2ND
Augusta Timber Hawks batting - Pitching for Pennsauken Flyers : LHP Mike Foltynewicz
Batting: RHB Juan Chávez 0-0: Ball
1-0: Called Strike
1-1: Ball
2-1: Called Strike
2-2: Strikes out swinging
Batting: RHB Jaime Cruz 0-0: Foul Ball, location: 2F
0-1: Called Strike
0-2: Foul Ball, location: 2F
0-2: Strikes out swinging
Batting: RHB Jesús Recesvinto 0-0: Ball
1-0: Ball
2-0: Swinging Strike
2-1: Called Strike
2-2: Foul Ball, location: 2F
2-2: Strikes out swinging
Top of the 2nd over - 0 runs, 0 hits, 0 errors, 0 left on base; Augusta 0 - Pennsauken 0
BOTTOM OF THE 2ND
Pennsauken Flyers batting - Pitching for Augusta Timber Hawks : RHP Won-u Yi
Batting: SHB Pedro Ortega 0-0: Ball
1-0: Ball
2-0: Called Strike
2-1: Ball
3-1: Base on Balls
Batting: RHB Raúl Guerrero 0-0: Ball
1-0: Foul Ball, location: 2F
1-1: Swinging Strike
1-2: Foul Ball, location: 2F
1-2: Ball
2-2: Foul Ball, location: 2F
2-2: Ground out 4-3 (Groundball, 4MS)
Pedro Ortega to second
Batting: RHB Clarence Therrien 0-0: Ball
Pedro Ortega steals 3rd base
1-0: Ball
2-0: Ball
3-0: Called Strike
3-1: Foul Ball, location: 2F
3-2: DOUBLE (Line Drive, 9D)
Pedro Ortega scores
Batting: RHB Roy McFerran 0-0: Ball
1-0: Swinging Strike
1-1: Called Strike
1-2: Ball
2-2: Ball
3-2: Foul Ball, location: 2F
3-2: Strikes out swinging
Batting: RHB Carlos Deleón 0-0: Ball
1-0: Called Strike
1-1: Ball
2-1: Called Strike
2-2: Ball
3-2: Strikes out swinging
Bottom of the 2nd over - 1 run, 1 hit, 0 errors, 1 left on base; Augusta 0 - Pennsauken 1
TOP OF THE 3RD
Augusta Timber Hawks batting - Pitching for Pennsauken Flyers : LHP Mike Foltynewicz
Batting: SHB Nobuhisa Hatoyama 0-0: Called Strike
0-1: Ball
1-1: Ball
2-1: Ball
3-1: Base on Balls
Batting: LHB José Pérez 0-0: Ball
1-0: Foul Ball, location: 2F
1-1: Fielders Choice at 2nd, 1-6 (Groundball, 13)
Batting: LHB Juan Alvarado 0-0: Called Strike
0-1: Ball
1-1: Ball
2-1: Ball
3-1: Fly out, F9 (Flyball, 89M)
Batting: RHB Emmanuele Lucchetti 0-0: Ball
1-0: Ball
2-0: Called Strike
2-1: Ball
3-1: Base on Balls
José Pérez to second
Batting: RHB David Martínez 0-0: Ball
1-0: Ball
2-0: Foul Ball, location: 2F
2-1: Foul Ball, location: 2F
2-2: Strikes out swinging
Top of the 3rd over - 0 runs, 0 hits, 0 errors, 2 left on base; Augusta 0 - Pennsauken 1
BOTTOM OF THE 3RD
Pennsauken Flyers batting - Pitching for Augusta Timber Hawks : RHP Won-u Yi
Batting: RHB Patrick Eggen 0-0: Called Strike
0-1: Reached on error, E5 (Groundball, 56S)
Batting: RHB Bartolo Rosas 0-0: Called Strike
0-1: Ball
1-1: Foul Ball, location: 2F
1-2: Foul Ball, location: 2F
1-2: Foul Ball, location: 2F
1-2: Ball
2-2: Fly out, F4 (Line Drive, 4)
Batting: LHB Vinski Prifti 0-0: Fly out, F4 (Popup, 4MD)
Batting: RHB Enrique Ibarra 0-0: Called Strike
0-1: Called Strike
0-2: Fly out, F8 (Line Drive, 78M)
Bottom of the 3rd over - 0 runs, 0 hits, 1 error, 1 left on base; Augusta 0 - Pennsauken 1
TOP OF THE 4TH
Augusta Timber Hawks batting - Pitching for Pennsauken Flyers : LHP Mike Foltynewicz
Batting: RHB Dave Yates 0-0: Called Strike
0-1: Ball
1-1: Ball
2-1: SINGLE (Groundball, 6MD)
Batting: RHB Juan Chávez 0-0: Ball
1-0: Foul Ball, location: 2F
1-1: Ball
2-1: Foul Ball, location: 2F
2-2: 2-RUN HOME RUN (Flyball, 7LD), Distance : 348 ft
Batting: RHB Jaime Cruz 0-0: Ball
1-0: Ball
2-0: Called Strike
2-1: Swinging Strike
2-2: Foul Ball, location: 2F
2-2: Strikes out swinging
Batting: RHB Jesús Recesvinto 0-0: Ball
1-0: Ball
2-0: Swinging Strike
2-1: Ball
3-1: Fly out, F4 (Popup, 4S)
Batting: SHB Nobuhisa Hatoyama 0-0: SINGLE (Groundball, 34D)
Batting: LHB José Pérez 0-0: Ball
Nobuhisa Hatoyama is caught stealing 2nd base
Top of the 4th over - 2 runs, 3 hits, 0 errors, 0 left on base; Augusta 2 - Pennsauken 1
BOTTOM OF THE 4TH
Pennsauken Flyers batting - Pitching for Augusta Timber Hawks : RHP Won-u Yi
Batting: SHB Pedro Ortega 0-0: Called Strike
0-1: Called Strike
0-2: Ball
1-2: Ball
2-2: Ball
3-2: Ground out 4-3 (Groundball, 4)
Batting: RHB Raúl Guerrero 0-0: Ground out 6-3 (Groundball, 6)
Batting: RHB Clarence Therrien 0-0: Called Strike
0-1: Swinging Strike
0-2: Ball
1-2: Ball
2-2: Ball
3-2: Fly out, F7 (Flyball, 7S)
Bottom of the 4th over - 0 runs, 0 hits, 0 errors, 0 left on base; Augusta 2 - Pennsauken 1
TOP OF THE 5TH
Augusta Timber Hawks batting - Pitching for Pennsauken Flyers : LHP Mike Foltynewicz
Batting: LHB José Pérez 0-0: Called Strike
0-1: Foul Ball, location: 2F
0-2: Ball
1-2: Strikes out swinging
Batting: LHB Juan Alvarado 0-0: Ball
1-0: Foul Ball, location: 2F
1-1: Ball
2-1: Foul Ball, location: 2F
2-2: Ground out 1-3 (Groundball, 15S)
Batting: RHB Emmanuele Lucchetti 0-0: Ball
1-0: Ball
2-0: Foul Ball, location: 2F
2-1: Foul Ball, location: 2F
2-2: Strikes out swinging
Top of the 5th over - 0 runs, 0 hits, 0 errors, 0 left on base; Augusta 2 - Pennsauken 1
BOTTOM OF THE 5TH
Pennsauken Flyers batting - Pitching for Augusta Timber Hawks : RHP Won-u Yi
Batting: RHB Roy McFerran 0-0: Called Strike
0-1: Foul Ball, location: 2F
0-2: Fly out, F5 (Popup, 5SF)
Batting: RHB Carlos Deleón 0-0: Called Strike
0-1: Ball
1-1: Ball
2-1: Foul Ball, location: 2F
2-2: Ball
3-2: Strikes out swinging
Batting: RHB Patrick Eggen 0-0: Swinging Strike
0-1: Called Strike
0-2: Strikes out swinging
Bottom of the 5th over - 0 runs, 0 hits, 0 errors, 0 left on base; Augusta 2 - Pennsauken 1
TOP OF THE 6TH
Augusta Timber Hawks batting - Pitching for Pennsauken Flyers : LHP Mike Foltynewicz
Batting: RHB David Martínez 0-0: Ball
1-0: Foul Ball, location: 2F
1-1: Foul Ball, location: 2F
1-2: Fly out, F8 (Flyball, 8RD)
Batting: RHB Dave Yates 0-0: Called Strike
0-1: Foul Ball, location: 2F
0-2: Ball
1-2: Strikes out swinging
Batting: RHB Juan Chávez 0-0: Ball
1-0: Swinging Strike
1-1: Foul Ball, location: 2F
1-2: Ball
2-2: Ball
3-2: Base on Balls
Batting: RHB Jaime Cruz 0-0: Ball
1-0: Ball
2-0: Ball
3-0: Called Strike
3-1: Base on Balls
Juan Chávez to second
Batting: RHB Jesús Recesvinto 0-0: Called Strike
0-1: Ball
1-1: Ball
2-1: Fielders Choice at 2nd, 6-4 (Groundball, 6)
Top of the 6th over - 0 runs, 0 hits, 0 errors, 2 left on base; Augusta 2 - Pennsauken 1
BOTTOM OF THE 6TH
Pennsauken Flyers batting - Pitching for Augusta Timber Hawks : RHP Won-u Yi
Batting: RHB Bartolo Rosas 0-0: Called Strike
0-1: Ground out 5-3 (Groundball, 56S)
Batting: LHB Vinski Prifti 0-0: Foul Ball, location: 2F
0-1: Foul Ball, location: 2F
0-2: Ground out 6-3 (Groundball, 6M)
Batting: RHB Enrique Ibarra 0-0: Fly out, F9 (Line Drive, 89D)
Bottom of the 6th over - 0 runs, 0 hits, 0 errors, 0 left on base; Augusta 2 - Pennsauken 1
TOP OF THE 7TH
Augusta Timber Hawks batting - Pitching for Pennsauken Flyers : LHP Mike Foltynewicz
Batting: SHB Nobuhisa Hatoyama 0-0: Ball
1-0: Ball
2-0: Called Strike
2-1: Ball
3-1: Base on Balls
Batting: LHB José Pérez 0-0: Sac Bunt - play at first, batter OUT! 1-4
Nobuhisa Hatoyama to second
Pinch Hitting: RHB Takechi Okubo 0-0: Ball
1-0: Called Strike
Nobuhisa Hatoyama steals 3rd base
1-1: Called Strike
1-2: Strikes out looking
Pitching: RHP Manny Hernández
Pinch Hitting: LHB Mike Hanson 0-0: Called Strike
0-1: Fly out, F9 (Line Drive, 9S)
Top of the 7th over - 0 runs, 0 hits, 0 errors, 1 left on base; Augusta 2 - Pennsauken 1
BOTTOM OF THE 7TH
Pennsauken Flyers batting - Pitching for Augusta Timber Hawks : RHP Won-u Yi
Now at 3B: Takechi Okubo
Now in LF: Mike Hanson
Batting: SHB Pedro Ortega 0-0: Ball
1-0: Called Strike
1-1: Ball
2-1: Ball
3-1: Foul Ball, location: 2F
3-2: Base on Balls
Pitching: RHP Iván Flores
Batting: RHB Raúl Guerrero 0-0: Ball
Pedro Ortega steals 2nd base
1-0: Ground out 6-3 (Groundball, 6)
Pedro Ortega to third
Batting: RHB Clarence Therrien 0-0: Ball
1-0: Fly out, F4 (Line Drive, 4)
Batting: RHB Roy McFerran 0-0: Ball
1-0: Foul Ball, location: 2F
1-1: Swinging Strike
1-2: Fly out, F8 (Flyball, 8LD)
Bottom of the 7th over - 0 runs, 0 hits, 0 errors, 1 left on base; Augusta 2 - Pennsauken 1
TOP OF THE 8TH
Augusta Timber Hawks batting - Pitching for Pennsauken Flyers : RHP Manny Hernández
Now in RF: Enoch Reinhardt
Batting: RHB David Martínez 0-0: Ball
1-0: Foul Ball, location: 2F
1-1: Called Strike
1-2: Foul Ball, location: 2F
1-2: Strikes out looking
Batting: RHB Dave Yates 0-0: Foul Ball, location: 2F
0-1: Fly out, F8 (Flyball, 8RD)
Batting: RHB Juan Chávez 0-0: Foul Ball, location: 2F
0-1: Ball
1-1: Ball
2-1: Ground out 1-3 (Groundball, P)
Top of the 8th over - 0 runs, 0 hits, 0 errors, 0 left on base; Augusta 2 - Pennsauken 1
BOTTOM OF THE 8TH
Pennsauken Flyers batting - Pitching for Augusta Timber Hawks : RHP Iván Flores
Now in RF: Carlos Medellín
Batting: RHB Carlos Deleón 0-0: Called Strike
0-1: SINGLE (Groundball, 56D)
Batting: RHB Patrick Eggen 0-0: Bunted foul
0-1: Sac Bunt - play at first, batter safe!
Carlos Deleón to second
Batting: RHB Bartolo Rosas 0-0: Fly out, F8 (Flyball, 89M)
Batting: RHB Enoch Reinhardt 0-0: Ball
1-0: Foul Ball, location: 2F
1-1: Called Strike
1-2: Ball
2-2: Ball
3-2: Foul Ball, location: 2F
3-2: Foul Ball, location: 2F
3-2: Foul Ball, location: 2F
3-2: Base on Balls
Carlos Deleón to third
Patrick Eggen to second
Batting: RHB Enrique Ibarra 0-0: Ball
1-0: Ball
2-0: Called Strike
2-1: SINGLE (Line Drive, 6M)
Carlos Deleón scores
Patrick Eggen to third
Enoch Reinhardt to second
Runner from 3rd tries for Home, SAFE, throw made home
Pitching: RHP Cornelius Bigelow
Batting: SHB Pedro Ortega 0-0: Ball
1-0: Called Strike
1-1: Ball
2-1: Called Strike
Enoch Reinhardt steals 3rd base
Enrique Ibarra to second
2-2: Strikes out swinging
Batting: RHB Raúl Guerrero 0-0: Foul Ball, location: 2F
0-1: Ball
1-1: Ball
2-1: Fly out, F5 (Popup, 56S)
Bottom of the 8th over - 2 runs, 3 hits, 0 errors, 2 left on base; Augusta 2 - Pennsauken 3
TOP OF THE 9TH
Augusta Timber Hawks batting - Pitching for Pennsauken Flyers : RHP Manny Hernández
Pitching: RHP Mau Delgado
Batting: RHB Jaime Cruz 0-0: Swinging Strike
0-1: Foul Ball, location: 2F
0-2: Ball
1-2: Ball
2-2: Ball
3-2: Foul Ball, location: 2F
3-2: Foul Ball, location: 2F
3-2: Foul Ball, location: 2F
3-2: Fly out, F3 (Popup, 23F)
Batting: RHB Jesús Recesvinto 0-0: Ball
1-0: Called Strike
1-1: Called Strike
1-2: Strikes out swinging
Batting: SHB Nobuhisa Hatoyama 0-0: Ball
1-0: Foul Ball, location: 2F
1-1: Ball
2-1: Ball
3-1: Foul Ball, location: 2F
3-2: Foul Ball, location: 2F
3-2: Foul Ball, location: 2F
3-2: Strikes out swinging, 2-3 out at first.
Top of the 9th over - 0 runs, 0 hits, 0 errors, 0 left on base; Augusta 2 - Pennsauken 3
Sunday, March 18th, 2018 - OOTP Baseball 18.8 Build 76